 Dungeon Crawl Stone Soup version 0.20.0-15-g7f486f2 (webtiles) character file.

158 maniacrov the Magician (level 5, -1/28 HPs)
             Began as a Deep Elf Ice Elementalist on June 9, 2017.
             Killed from afar by murphy's ghost (3 damage)
             ... with a blast of sand
             ... on level 4 of the Dungeon.
             The game lasted 00:14:50 (2826 turns).

maniacrov the Magician (Deep Elf Ice Elementalist)  Turns: 2826, Time: 00:14:50

Health: -1/28      AC:  3    Str:  5    XL:     5   Next: 16%
Magic:  1/14       EV: 12    Int: 21    God:
Gold:   199        SH:  3    Dex: 15    Spells: 4/14 levels left

rFire    . . .     SeeInvis .   (no weapon)
rCold    . . .     Gourm    .   d - +0 buckler
rNeg     . . .     Faith    .   a - +0 robe
rPois    .         Spirit   .   i - +0 helmet
rElec    .         Reflect  .   (no cloak)
rCorr    .         Harm     .   (no gloves)
MR       .....                  (no boots)
Stlth    ++........             (no amulet)
Regen    0.1/turn               (no ring)
MPRegen  0.2/turn               (no ring)

@: berserk cooldown, very slightly contaminated, slowed, very slow
A: no striking features
a: no special abilities


You were on level 4 of the Dungeon.
You were not hungry.

You visited 1 branch of the dungeon, and saw 4 of its levels.

You collected 199 gold pieces.

Inventory:

Armour
 a - a +0 robe (worn)
 d - a +0 buckler (worn)
 i - a +0 helmet (worn)
 k - a +0 ring mail
Jewellery
 e - an uncursed ring of see invisible {unknown}
 l - an uncursed ring of protection from fire {unknown}
Scrolls
 g - 4 scrolls of remove curse
 h - 3 scrolls of amnesia {unknown}
 n - 2 scrolls of identify {unknown}
 o - a scroll of enchant armour {unknown}
 s - a scroll of enchant weapon {unknown}
Potions
 f - 2 potions of berserk rage
 j - 2 potions of degeneration {unknown}
 m - 2 potions of curing {unknown}
 p - a potion of cancellation {unknown}
 r - a potion of heal wounds {unknown}
Books
 b - a book of Frost

   Spells                             Type                      Level
   a - Freeze                         Ice                          1
   b - Throw Frost                    Conjuration/Ice              2
   c - Ozocubu's Armour               Charms/Ice                   3
   d - Throw Icicle                   Conjuration/Ice              4
   e - Summon Ice Beast               Ice/Summoning                4
Comestibles
 c - a bread ration
 q - a meat ration


   Skills:
 + Level 2.8 Dodging
 + Level 2.9 Stealth
 + Level 5.3 Spellcasting
 + Level 1.7 Conjurations
 + Level 4.6 Ice Magic


You had 4 spell levels left.
You knew the following spells:

 Your Spells              Type           Power        Failure   Level  Hunger
a - Freeze                Ice            ####         2%          1    None
b - Throw Frost           Conj/Ice       ###...       7%          2    None
c - Ozocubu's Armour      Chrm/Ice       ###.....     21%         3    ##.....
d - Summon Ice Beast      Ice/Summ       ###.....     54%         4    ####...


Dungeon Overview and Level Annotations

Branches:
Dungeon (4/15)
 Temple: D:4-7

Altars:
Fedhas

Annotations:
D:4 murphy's ghost, weakling DDEE


Message History

Casting: Throw Frost
Confirm with . or Enter, or press ? or * to list all spells.
Okay, then.
Murphy's ghost hits you.
* * * LOW HITPOINT WARNING * * *
Casting: Throw Frost
Confirm with . or Enter, or press ? or * to list all spells.
Aiming: Freeze
Press: ? - help, Shift-Dir - straight line, f/p - murphy's ghost
Aim: murphy's ghost (heavily damaged)
You miscast Freeze.
You are very lightly contaminated with residual magic.
You hear a crackling sound.
Murphy's ghost hits you.
* * * LOW HITPOINT WARNING * * *
As you read the scroll labeled RYTWUA IPEILI, it crumbles to dust.
You feel blessed for a moment.
It was a scroll of remove curse.
Murphy's ghost casts a spell at you. The blast of sand hits you!
You die...

........# .... ........#
#####..# .....$..+
...#..### ........####
###.#....% ...........#
.........
.).......#.#.#.###......
........[..#............
#....†).###.###.#....
#.##@W......##..#....
#.#..######.##....
#.#.#.......##.†..
..#.#.########.###
####.#.# #......#
########.#.# #......###
#####........#.#
#........#
#.........####.#
#.......(.
#######..............#
####......


You could see murphy's ghost.

Vanquished Creatures
  A crimson imp (D:4)
  A worker ant (D:4)
  A gnoll (D:1)
  4 adders (D:2)
  An ooze (D:1)
  A worm (D:3)
  A dart slug (D:2)
  2 leopard geckos (D:1)
  6 bats
  4 giant cockroaches
  4 hobgoblins
  3 jackals (D:4)
  2 frilled lizards
  4 goblins
  7 kobolds
  7 rats
49 creatures vanquished.

Notes
Turn   | Place    | Note
-------+----------+-------------------------------------------
     0 | D:1      | maniacrov the Deep Elf Ice Elementalist began the quest for the Orb.
     0 | D:1      | Reached XP level 1. HP: 10/10 MP: 6/6
     2 | D:1      | Noticed a tengu
     2 | D:1      | Noticed a demigod
     4 | D:1      | Noticed a formicid
     4 | D:1      | Noticed a demonspawn
     8 | D:1      | Noticed a ghoul
     8 | D:1      | Noticed a troll
    10 | D:1      | Noticed a vampire
    10 | D:1      | Noticed a halfling
    12 | D:1      | Noticed an elf
    12 | D:1      | Noticed an ogre
    14 | D:1      | Noticed a minotaur
    14 | D:1      | Noticed a naga
    16 | D:1      | Noticed a human
    58 | D:1      | Noticed a gargoyle
    58 | D:1      | Noticed a merfolk
    60 | D:1      | Noticed an octopode
    60 | D:1      | Noticed a draconian
    64 | D:1      | Noticed a spriggan
    64 | D:1      | Noticed a centaur
    66 | D:1      | Noticed a dwarf
    66 | D:1      | Noticed a vine stalker
    68 | D:1      | Noticed a felid
   379 | D:1      | Reached XP level 2. HP: 15/15 MP: 6/8
   383 | D:1      | Learned a level 2 spell: Throw Frost
   844 | D:1      | Reached XP level 3. HP: 19/19 MP: 6/10
  1178 | D:2      | Reached skill level 4 in Spellcasting
  1305 | D:2      | Reached XP level 4. HP: 24/24 MP: 2/12
  2610 | D:3      | Found a blossoming altar of Fedhas.
  2698 | D:4      | Reached skill level 5 in Spellcasting
  2780 | D:4      | Reached XP level 5. HP: 20/28 MP: 6/14
  2790 | D:4      | Learned a level 3 spell: Ozocubu's Armour
  2795 | D:4      | Learned a level 4 spell: Summon Ice Beast
  2811 | D:4      | Noticed murphy's ghost (weakling DDEE)
  2826 | D:4      | Killed from afar by murphy's ghost

Skill      XL: |  1  2  3  4 |
---------------+-------------+-----
Ice Magic      | 4 |  4.6
Spellcasting   | 4 5 |  5.3
Dodging        | |  2.8
Stealth        | |  2.9
Conjurations   | |  1.7

Action                   |  1- 3 |  4- 6 || total
-------------------------+-------+-------++-------
Melee: Unarmed           |     1 |     5 ||     6
 Cast: Freeze            |    30 |    26 ||    56
       Throw Frost       |    17 |    23 ||    40
  Use: Scroll            |       |     1 ||     1
       Potion            |       |     1 ||     1
  Eat: Royal jelly       |     1 |       ||     1
       Meat ration       |       |     1 ||     1
Armor: Robe              |     3 |     6 ||     9
Dodge: Dodged            |    10 |     7 ||    17
Block: Buckler           |       |     1 ||     1
